 Dungeon Crawl Stone Soup version 0.27-a0-1557-g57f10a385c (webtiles) character file.

Game seed: 11913430507874612006

51 Sin92 the Skirmisher (level 3, -15/29 HPs)
             Began as a Demonspawn Fighter on July 15, 2021.
             Demolished by an ogre (16 damage)
             ... on level 2 of the Dungeon.
             The game lasted 00:01:20 (1519 turns).

Sin92 the Skirmisher (Demonspawn Fighter)           Turns: 1519, Time: 00:01:21

Health: -15/29     AC:  6    Str: 16    XL:     3   Next: 57%
Magic:  3/3        EV:  7    Int:  9    God:
Gold:   96         SH:  9    Dex: 13    Spells: 2/2 levels left

rFire    . . .     SeeInvis .   a - +1 long sword
rCold    . . .     Faith    .   c - +0 kite shield
rNeg     . . .     Spirit   .   b - +0 scale mail
rPois    .         Reflect  .   (no helmet)
rElec    .         Harm     .   (no cloak)
rCorr    .         Rampage  .   (no gloves)
Will     .....                  (no boots)
Stlth    ..........             (no amulet)
HPRegen  0.09/turn              (no ring)
MPRegen  0.16/turn              (no ring)

@: mighty
A: claws 1, magic regeneration
a: no special abilities


You were on level 2 of the Dungeon.
You visited 1 branch of the dungeon, and saw 2 of its levels.

You collected 96 gold pieces.

Inventory:

Hand Weapons
 a - a +1 long sword (weapon)
Armour
 b - a +0 scale mail (worn)
 c - a +0 kite shield (worn)
Potions
 e - a potion of lignification {unknown}
 f - a potion of haste
 h - a potion of heal wounds {unknown}


   Skills:
 + Level 3.3 Fighting
 * Level 2.5 Long Blades
 + Level 3.0 Armour
 + Level 0.8 Dodging
 + Level 2.9 Shields


You had 2 spell levels left.
You didn't know any spells.
Your spell library contained the following spells:

 Spells                   Type           Power      Damage    Failure   Level
 Wereblood                Tmut           0%         N/A       100%        2
 Gell's Gravitas          Tloc           0%         N/A       100%        3
 Lesser Beckoning         Tloc           0%         N/A       100%        3
 Teleport Other           Tloc           0%         N/A       100%        3
 Vampiric Draining        Necr           0%         2d6       100%        3
 Animate Dead             Necr           0%         N/A       100%        4
 Borgnjor's Revivificati  Necr           0%         N/A       100%        8


Dungeon Overview and Level Annotations

Branches:
Dungeon (2/15)

Altars:


Innate Abilities, Weirdness & Mutations

You have sharp fingernails.
You regenerate magic rapidly.


Message History

* * * LOW HITPOINT WARNING * * *
There are monsters nearby!
You are too injured to fight recklessly!
There are monsters nearby!
You are too injured to fight recklessly!
As you read the scroll labelled BAUDEB EMUOLA, it crumbles to dust.
It is a scroll of enchant weapon.
Your +0 long sword glows red for a moment.
The bat hits you but does no damage.
It was a potion of haste.
You feel yourself speed up. You block the bat's attack.
The ogre closely misses you. You block the bat's attack.
You block the bat's attack.
There is a stone staircase leading up here.
You block the bat's attack.
You climb upwards.
There is a stone staircase leading down here.
You start resting.
You start resting.
Your extra speed is starting to run out.
You start resting.
You feel yourself slow down.
You start resting.
You start resting.
HP restored.
You feel very mighty all of a sudden.
You climb downwards.
The bat hits you but does no damage. The ogre hits you with a +0 giant club!
Ouch! That really hurt!
There is a stone staircase leading up, spattered with blood here.
You slash the ogre!
The ogre is heavily wounded.
The bat closely misses you. The ogre hits you with a +0 giant club!
* * * LOW HITPOINT WARNING * * *
Unknown command.
You barely miss the ogre.
The ogre is heavily wounded.
You block the bat's attack. The ogre hits you with a +0 giant club!
Ouch! That really hurt!
You die...

.............##
######..####.#
#..# #
.#######..#### #
.............#.#
.######..........
##.......##
#.#######b.######
........@O.#
#.########.# #'#
#.O.# #.....#
#.......#
#.........#
...........+
##..........#


You could see an ogre and a bat.

Vanquished Creatures
  3 dart slugs (D:1)
  6 endoplasms
  3 giant cockroaches
  A goblin (D:1)
  2 hobgoblins (D:1)
  11 jackals (D:1)
  2 kobolds
  3 ball pythons
  3 bats (D:1)
  A frilled lizard (D:1)
  4 rats (D:1)
39 creatures vanquished.

Notes
Turn   | Place    | Note
-------+----------+-------------------------------------------
     0 | D:1      | Sin92 the Demonspawn Fighter began the quest for the Orb.
     0 | D:1      | Reached XP level 1. HP: 18/18 MP: 1/1
    35 | D:1      | Gained mutation: You have sharp fingernails. [demonic
                  | ancestry]
    35 | D:1      | Reached XP level 2. HP: 12/24 MP: 2/2
   464 | D:1      | Got the Collected Works on Doomed Transmigration
   519 | D:1      | Gained mutation: You regenerate magic rapidly. [demonic
                  | ancestry]
   519 | D:1      | Reached XP level 3. HP: 28/29 MP: 3/3
  1248 | D:2      | Noticed an ogre
  1518 | D:2      | HP: 1/29 [ogre (13)]
  1519 | D:2      | Demolished by an ogre

Illustrated notes

Levels and vault maps discovered:
D:1:      dpeg_arrival_rhombi, layout_basic, chequers_serial_rivers_marsh,
          minmay_liquid_box
D:2:      layout_loops_corners, chequers_arboretum, corexii_corridor_pit

Skill      XL: |  1  2  3 |
---------------+----------+-----
Long Blades    | 2 |  2.5
Armour         | 3 |  3.0
Fighting       | |  3.3
Dodging        | |  0.8
Shields        | |  2.9

Action                   || total
-------------------------++-------
Melee: Long sword        ||   115
  Use: Potion            ||     2
       Scroll            ||     1
Armor: Scale mail        ||    71
Dodge: Dodged            ||    55
Block: Kite shield       ||    85
       Rpst.: Long sword ||    18

Table legend: (Time is in decaauts)
 A = Elapsed time spent in this place.
 B = Non-inter-level travel time spent in this place.
 C = Inter-level travel time spent in this place.
 D = Time resting spent in this place.
 E = Time spent auto-exploring this place.
 F = Levels seen in this place.
 G = Mean time per level.
                   A        B        C        D        E       F      G
               +--------+--------+--------+--------+--------+-----+--------+
         Total |   1564 |   1538 |     26 |    394 |    878 |   2 |  782.0 |
       Dungeon |   1564 |   1538 |     26 |    394 |    878 |   2 |  782.0 |
               +--------+--------+--------+--------+--------+-----+--------+

Top non-repeatable levels by time:
     D:1: 1315 daAuts
     D:2: 248 daAuts
